Map: King's Cove LE

Players

CaleneW - Winner!

  • Race: Zerg Zerg
  • League: Grandmaster
  • Spawn Location: 5:00

Gemini

  • Race: Protoss Protoss
  • League: Grandmaster
  • Spawn Location: 11:00

VOD

Have the link to the VOD?

Description

Time

  • Played on: June 8, 2019, 4:05 p.m.
  • Length: 4:26
Show
View Real Time Build Order
Export as new Build Order

CaleneW Zerg - Winner!

Build Orders: Pool First 

Get SALT Encoding   

  12  0:00  Drone  
  13  0:22  Spawning Pool  
  13  0:26  Drone  
  13  0:30  Drone  
  14  0:39  Overlord  
  14  1:12  Hatchery  
  14  1:13  Zergling x4  
  14  1:17  Zergling x2  
  16  1:25  Zergling x2  
  17  1:28  Extractor  
  16  1:35  Roach Warren  
  15  1:40  Zergling x2  
  16  1:52  Drone  
  17  2:14  Hatchery  
  16  2:22  Roach x3  
  21  2:38  Overlord  
  20  3:07  Roach  
  20  3:08  Roach x2  
  25  3:26  Ravager  
  25  3:30  Roach  
  25  3:33  Extractor  
  26  3:46  Overlord  
  26  3:53  Ravager  
  27  3:58  Drone x2  
  29  4:08  Drone, Ravager  
Show
View Real Time Build Order
Export as new Build Order

Gemini Protoss 

Build Orders:  

Get SALT Encoding   

  12  0:00  Probe  
  13  0:12  Probe  
  14  0:19  Pylon  
  14  0:24  Probe  
  15  0:33  Probe  
  15  0:39  Gateway  
  15  0:41  Probe  
  16  0:48  Assimilator  
  17  0:52  Probe  
  18  1:04  Probe  
  19  1:17  Zealot  
  21  1:42  Cybernetics Core  
  21  1:49  Zealot  
  23  1:56  Pylon  
  23  2:05  Nexus  
  23  2:13  Stalker  
  21  2:31  Gateway  
  21  2:33  Shield Battery  
  21  2:38  Probe  
  21  2:52  Shield Battery  
  19  3:06  Gateway  
  18  3:13  Probe  
  19  3:25  Probe  
  22  3:34  Sentry  
  22  3:35  Probe x2  
  24  3:43  Probe x2  
  26  3:51  Probe  
  26  3:53  Probe  
  28  4:03  Probe  
  28  4:07  Assimilator  
  28  4:09  Probe  
  30  4:13  Probe  
Tags
 
Add a new tag
Caveats
  • Supply blocks, unpowered buildings, or Contaminate may cause inaccurate times.
  • Supply counts are checked every 10 seconds.